Cogmind - Beta 11 @@@ ROGUE MODE // 2022.03.29 @ 18:11:36 Player: Michael Result: Destroyed by as-38293 with Assembled Blade Performance ------------- Evolutions (0) 0 Regions Visited (2) 400 Robots Destroyed (18) 90 Value Destroyed (491) 491 Prototype IDs (0) 0 Alien Tech Used (0) 0 Bonus (0) 0 TOTAL SCORE: 981 Bonus ------- None Cogmind --------- Core Integrity 0/250 Matter 205/300 Energy 220/250 System Corruption 2% Temperature Cool (66) Movement Core (500) Ox9 Location -10/Mines Parts ------- > --- POWER (1) -------- Ion Engine > --- PROPULSION (2) --- (None) > --- UTILITY (2) ------ Large Storage Unit Power Shielding > --- WEAPON (2) ------- EM Pulse Gun Light Assault Rifle > --- INVENTORY (15) --- Light Nuclear Core Wheel Wheel Wheel Wheel Improved Heat Sink Medium Storage Unit Large Storage Unit Medium Matter Pod (100) Signal Interpreter Signal Interpreter Improved Terrain Scanner Light Assault Rifle Peak State ------------ > --- POWER ------------ Light Nuclear Core > --- PROPULSION ------- Light Treads Wheel > --- UTILITY ---------- Large Storage Unit Power Shielding > --- WEAPON ----------- Light Assault Rifle Light Cannon > --- INVENTORY -------- Ion Engine Ion Engine Light Treads Wheel Wheel Improved Heat Sink Medium Storage Unit Large Storage Unit Medium Matter Pod Signal Interpreter Signal Interpreter Terrain Scanner EM Pulse Gun Light Assault Rifle Light Assault Rifle [Rating: 10] Favorites ----------- Power Ion Engine Engine Ion Engine Power Core Light Nuclear Core Propulsion Wheel Treads Light Treads Wheel Wheel Utility Power Shielding Storage Large Storage Unit Protection Power Shielding Weapon Light Assault Rifle Energy Gun EM Pulse Gun Ballistic Gun Light Assault Rifle Ballistic Cannon Light Cannon Build | -11 -10 -10 ------- Run | Scr Mat Min Slots Evolved . | . . . Power . | . . . Propulsion . | . . . Utility . | . . . Weapon . | . . . Parts Attached 53 | 5 19 29 Power 5 | . 1 4 Engine 3 | . 1 2 Core 2 | . . 2 Reactor . | . . . Propulsion 32 | 2 14 16 Treads 15 | . 7 8 Leg . | . . . Wheel 17 | 2 7 8 Hover . | . . . Flight . | . . . Utility 3 | 1 2 . Device . | . . . Storage 2 | 1 1 . Processor . | . . . Hackware . | . . . Protection 1 | . 1 . Artifact . | . . . Weapon 13 | 2 2 9 Energy Gun 1 | . . 1 Energy Cannon . | . . . Ballistic Gun 7 | 2 1 4 Ballistic Cannon 5 | . 1 4 Launcher . | . . . Special Weapon . | . . . Impact Weapon . | . . . Slashing Weapon . | . . . Piercing Weapon . | . . . Special Melee Weapon . | . . . Unidentified Prototypes . | . . . Parts Lost 4 | . . 4 Power . | . . . Propulsion 2 | . . 2 Utility . | . . . Weapon 2 | . . 2 Highest Loss Streak 4 | . . 4 To Critical Strikes . | . . . Average Slot Usage (%) 92 | . 87 99 Engine 7 | . 6 8 Core 2 | . . 5 Treads 4 | . 3 5 Wheel 23 | . 24 21 Storage 14 | . 14 14 Protection 11 | . 10 14 Ballistic Gun 25 | . 27 22 Ballistic Cannon 2 | . . 5 Naked Turns . | . . . Heaviest Build 30 | 7 28 30 Greatest Support 40 | 20 20 40 Greatest Overweight (x) 1 | . 1 1 Average Overweight (x) . | . . . Largest Inventory Capacity 15 | 8 15 15 Average Capacity 12 | 7 11 15 Most Carried 15 | 4 14 15 Average Carried 11 | 2 9 14 Final Capacity 15 | 8 15 15 Final Carried 14 | 4 14 13 Class Distribution -------------------- 100% | Mutant Dominant Class ---------------- Mutant | -10/Materials Mutant | -10/Mines Resources | -11 -10 -10 ----------- Run | Scr Mat Min Matter Collected 943 | 211 377 355 Remotely . | . . . Salvage Created 602 | . 308 294 Parts 35 | . 18 17 Haulers Intercepted . | . . . Recyclers Shooed 2 | . . 2 Parts Field Recycled . | . . . Retrieved Matter . | . . . Parts Self-Destructed . | . . . Prevented . | . . . Kills | -11 -10 -10 ------- Run | Scr Mat Min Combat Hostiles Destroyed 15 | . 7 8 Guns 9 | . 4 5 Cannons 6 | . 3 3 Classes Destroyed 6 | . 1 5 Worker 2 | . . 2 Tunneler 1 | . . 1 Recycler 1 | . . 1 Swarmer 3 | . . 3 Grunt 11 | . 7 4 Assembled 1 | . . 1 Best Kill Streak 3 | . 3 3 Combat Bots Only 3 | . 3 3 Max Kills in Single Turn 1 | . 1 1 Gunslinging . | . . . Exploded . | . . . Melee . | . . . Uniques/NPCs Destroyed . | . . . Combat | -11 -10 -10 -------- Run | Scr Mat Min Damage Taken 963 | . 319 644 Core 266 | . 97 169 Absorbed by Shields . | . . . Redirected to Shielding 13 | . 4 9 Core Remaining (%) 100 | 100 . . Volleys Fired 66 | . 21 45 Largest 2 | . 2 2 Hottest 55 | . 55 55 Shots Fired 132 | . 42 90 Gun 100 | . 37 63 Cannon 32 | . 5 27 Launcher . | . . . Special . | . . . Kinetic 132 | . 42 90 Thermal . | . . . Explosive . | . . . Electromagnetic . | . . . Robot Hit Streak 9 | . 9 7 Robot Miss Streak 2 | . 2 2 Penetration Max . | . . . Secondary Targets . | . . . Shots Hit Robots 89 | . 29 60 Core Hits 38 | . 15 23 Critical Kills . | . . . Critical Parts Destroyed 1 | . 1 . Critical Strikes 2 | . 1 1 Destroy 1 | . 1 . Blast 1 | . . 1 Melee Attacks . | . . . Impact . | . . . Slashing . | . . . Piercing . | . . . Sneak Attacks . | . . . Combat Hostiles . | . . . Follow-up Attacks . | . . . Damage Inflicted 918 | . 279 639 Guns 586 | . 207 379 Cannons 332 | . 72 260 Explosions . | . . . Melee . | . . . Ramming . | . . . Kinetic 918 | . 279 639 Thermal . | . . . Explosive . | . . . Electromagnetic . | . . . Impact . | . . . Slashing . | . . . Piercing . | . . . Highest Corruption 2 | . 2 2 Average Corruption 2 | . 2 2 Corruption Purged . | . . . Corruption Blocked . | . . . Effects 7 | . . 7 Heat Flow Errors 2 | . . 2 Energy Discharges 2 | . . 2 Data Loss (minor) 2 | . . 2 Data Loss (major) 1 | . . 1 Overload Shots . | . . . Overflow Damage . | . . . Projectiles . | . . . Explosions . | . . . Melee . | . . . Knockbacks 1 | . . 1 Impact . | . . . Kinetic 1 | . . 1 Secondary . | . . . Self-Inflicted Damage . | . . . Shots . | . . . Rammed . | . . . Targets Rammed . | . . . Kicked . | . . . Crushed . | . . . Highest Temperature 141 | . 40 141 Average Temperature 41 | . 16 49 Received Heat Transfer 393 | . 180 213 Siege Activations . | . . . Robots Corrupted . | . . . Combat Hostiles . | . . . Parts Fried . | . . . Impact Corruptions . | . . . Robots Melted . | . . . Combat Hostiles . | . . . Parts Melted . | . . . Heat Transferred . | . . . Parts Sabotaged . | . . . Parts Stolen . | . . . Parts Stripped . | . . . Power Chain Reactions . | . . . Missiles Intercepted . | . . . Alert | -11 -10 -10 ------- Run | Scr Mat Min Peak Influence 337 | . 149 337 Initial 57 | . . 57 Average 113 | . 45 224 Maximum Alert Level 1 | . . 1 Low Security (%) 79 | 100 100 48 Level 1 20 | . . 51 Level 2 . | . . . Level 3 . | . . . Level 4 . | . . . Level 5 . | . . . High Security . | . . . Max Security . | . . . Squads Dispatched 2 | . 2 . Investigation 2 | . 2 . Extermination . | . . . Reinforcement . | . . . Assault . | . . . Garrison . | . . . Intercept . | . . . Searches Triggered . | . . . Construction Impeded . | . . . Haulers Reinforced . | . . . Active Scanning Responses . | . . . Cargo Convoy Interrupts . | . . . Stealth | -11 -10 -10 --------- Run | Scr Mat Min Distress Signals 1 | . . 1 Communications Jammed . | . . . Distress Signals . | . . . Times Spotted 35 | . 12 23 Peak Tracking Total 19 | . 4 19 Tactical Retreats 2 | . . 2 Traps | -11 -10 -10 ------- Run | Scr Mat Min Traps Triggered 3 | . 3 . Indirectly . | . . . Trap Hack Attempts . | . . . Triggered . | . . . Disarmed . | . . . Reprogrammed . | . . . Reused . | . . . Traps Extracted . | . . . Installed . | . . . Triggered . | . . . Machines | -11 -10 -10 ---------- Run | Scr Mat Min Machines Disabled 2 | . . 2 Max in Single Turn 1 | . . 1 Machines Sabotaged . | . . . Garrisons Compromised . | . . . Overloaded Fab Kills . | . . . Hacking | -11 -10 -10 --------- Run | Scr Mat Min Machines Accessed 5 | . 5 . Terminals 5 | . 5 . Fabricators . | . . . Repair Stations . | . . . Recycling Units . | . . . Scanalyzers . | . . . Garrison Access . | . . . Total Hacks 11 | . 11 . Successful 6 | . 6 . Failed 5 | . 5 . Catastrophic . | . . . Database Lockouts . | . . . Manual . | . . . Terminals 11 | . 11 . Fabricators . | . . . Repair Stations . | . . . Recycling Units . | . . . Scanalyzers . | . . . Garrison Access . | . . . Terminal Hacks 6 | . 6 . Locate Traps 2 | . 2 . Patrol Status 1 | . 1 . Hauler Manifests 1 | . 1 . Registered Components 1 | . 1 . Zone Layout 1 | . 1 . Fabricator Hacks . | . . . Repair Station Hacks . | . . . Recycling Unit Hacks . | . . . Scanalyzer . | . . . Garrison Access Hacks . | . . . Unauthorized Hacks . | . . . Terminals . | . . . Fabricators . | . . . Repair Stations . | . . . Recycling Units . | . . . Scanalyzers . | . . . Garrison Access . | . . . Data Cores Recovered . | . . . Used . | . . . Hacking Detections 5 | . 5 . Full Trace Events . | . . . Feedback Events . | . . . Feedback Blocked . | . . . Robot Schematics Acquired . | . . . Robots Built . | . . . Authchips . | . . . Time . | . . . Total Robot Build Rating . | . . . Part Schematics Acquired . | . . . Parts Built . | . . . Authchips . | . . . Time . | . . . Total Part Build Rating . | . . . Parts Repaired . | . . . Time . | . . . Parts Recycled . | . . . Recycled Matter . | . . . Retrieved Matter . | . . . Retrieved Components . | . . . Parts Scanalyzed . | . . . Part Schematics Acquired . | . . . Parts Damaged . | . . . Bothacking | -11 -10 -10 ------------ Run | Scr Mat Min Used RIF Installer . | . . . Robots Hacked . | . . . Non-combat . | . . . Combat . | . . . Robot Hacks Applied . | . . . Relay Couplers Released . | . . . Fabnet Peak Effective % . | . . . Robots Rewired . | . . . Allies Hacked . | . . . Hacks Repelled . | . . . Allies | -11 -10 -10 -------- Run | Scr Mat Min Total Allies . | . . . Largest Group . | . . . Highest-Rated Group . | . . . Highest-Rated Ally . | . . . Total Orders . | . . . Ally Attacks . | . . . Total Damage . | . . . Kills . | . . . Allies Corrupted . | . . . Allies Melted . | . . . Intel | -11 -10 -10 ------- Run | Scr Mat Min Robot Analysis Total . | . . . Derelict Logs Recovered . | . . . Drone Launches . | . . . Drone Recoveries . | . . . Exploration | -11 -10 -10 ------------- Run | Scr Mat Min Turns Passed 1098 | 37 631 430 Spaces Moved 818 | 34 532 252 Core 5 | 5 . . Treads 4 | . . 4 Legs . | . . . Wheels 809 | 29 532 248 Hover . | . . . Flight . | . . . Fastest Speed 50 | 50 80 95 Average Speed 88 | 75 86 96 Slowest Speed 240 | 80 95 240 Overloaded Moves . | . . . Propulsion Burnouts . | . . . Robots Hopped . | . . . Cave-ins Triggered . | . . . Exploration Rate (%) 35 | 4 75 28 Regions Visited 2 Branch Regions 1 Pre-discovered Areas . | . . . Known Exits Taken . | . . . Unknown Exits Taken 2 | 1 1 . Scrap Searched 1 | . . 1 Spaces Dug . | . . . Terrain Destroyed . | . . . Melee . | . . . Projectile . | . . . AOE . | . . . Terrain Rammed . | . . . Walls Destroyed . | . . . Machines Disabled . | . . . Actions | -11 -10 -10 --------- Run | Scr Mat Min Total 1061 | 43 661 357 Wait 98 | . 77 21 Move 816 | 33 531 252 Hop . | . . . Pick Up 19 | 5 11 3 Fast Attach 7 | 4 2 1 Attach 3 | 1 . 2 Detach 1 | . . 1 Swap 43 | . 17 26 Drop 8 | . 2 6 Fire 66 | . 21 45 Melee . | . . . Ram . | . . . Kick . | . . . Crush . | . . . Escape Stasis . | . . . Rewire . | . . . Trap . | . . . Miscellaneous . | . . . Route ------- -11/Scrapyard -10/Materials (discovered 4 exits: [*Mat x2] / [*Min x2]) -10/Mines History --------- Turn | Location | Event 16 | -11/Scrapyard | Discovered new exit (range 15) 38 | -11/Scrapyard | Entered Materials 198 | -10/Materials | Discovered new exit (range 20) 198 | -10/Materials | Discovered new exit (range 19) 332 | -10/Materials | Build established: Mutant 484 | -10/Materials | Discovered new exit (range 7) 508 | -10/Materials | Discovered new exit (range 12) 669 | -10/Materials | Entered Mines 975 | -10/Mines | Core integrity fell below 50% 1061 | -10/Mines | Assembled infested the area 1066 | -10/Mines | Assisted by a Guerilla fighting off Assembled 1095 | -10/Mines | Core integrity fell below 20% 1099 | -10/Mines | Destroyed by as-38293 with Assembled Blade Last Messages --------------- 01012_ R-06 Scavenger collects Ion Engine. 01015_ System corrupted: Component data lost. 01015_ R-06 Scavenger collects Ion Engine. 01017_ Acquired 15 matter. 01024_ Acquired 1 matter. 01031_ K-01 Serf collects debris. 01032_ System corrupted: Substantial component data lost. 01061_ ALERT: Infestation in the mines, dispatching Demolisher response squad. 01066_ A derelict emerges from the shadows: "You need to get out of here! I've been tracking a group of Assembled to figure out where they're coming from, and they're closing on this area, come on!" 01072_ VA-1D0(h): "I'll hold them off! Go on ahead or try to find another way!" 01080_ Knocked back. 01086_ Lgt. Treads destroyed. 01091_ as-93058 destroyed. 01094_ System corrupted: Heat flow error (+126). 01096_ Lgt. Assault Rifle destroyed. 01096_ Lgt. Cannon destroyed. Map ----- +----------------------------------------------------+ | ????????????????????????????# % #?# | | ????????????????????????????# #?# | | ????????????????????????????###### ####?? | | ?????????????????????????????###### """ #????? | | ?????????????????????????????# """ ##???? | | ?????????????????????????????# """ #???? | | ?????????????????????????????# ### #???? | | ?????????????????????????????# #?## ##???? | | ?????????????????????????????# #??## ##????? | | ?????????????????????????????# #???## ##?????? | | ?????????????????????????????# #????######??????? | | ?????????????????????????????# #????????????????? | | ?????????????????????????????# #????????????????? | | ?????????????????????????????# #????????????????? | | ?????????????????????????????# #????????????????? | | ?????????????????????????????# #????????????????? | | ???????? !| ##########???# #????????????????? | | ???????? #???# #????????????????? | | ???????? ####### #???# #????????????????? | | ???????????????????????# #??? ###??????????????? | | ???????????????????????# ### #??????????????? | | ???????????????????????# #??????????????? | | ???????????????????????## ### ! #??????????????? | | ????????????????????????#a#??# #???????????????? | | ????????????????????????#a#?? ??????????????? | | ????????????????????????#@#?? ????????????? | | ???????????????????????aa #?## #### ???????????? | | ??????????????????????#####??## #???? #?????????? | | ??????????????????????????????# #???????????????? | | ??????????????????????????????? #???????????????? | | ??????????????????????????????? ???????????????? | | ???????????????????????????????###???????????????? | | ?????????????????????????????????????????????????? | | ?????????????????????????????????????????????????? | | ?????????????????????????????????????????????????? | | ?????????????????????????????????????????????????? | | ?????????????????????????????????????????????????? | | ?????????????????????????????????????????????????? | | ?????????????????????????????????????????????????? | | ?????????????????????????????????????????????????? | | ?????????????????????????????????????????????????? | | ?????????????????????????????????????????????????? | | ?????????????????????????????????????????????????? | | ?????????????????????????????????????????????????? | | ?????????????????????????????????????????????????? | | ?????????????????????????????????????????????????? | | ?????????????????????????????????????????????????? | | ?????????????????????????????????????????????????? | | ?????????????????????????????????????????????????? | | ?????????????????????????????????????????????????? | +----------------------------------------------------+ Best States ------------- Heat Dissipation 25 Energy Generation 14 Energy Capacity 250 Matter Stores 300 Matter Capacity 300 Sight Range 16 Terrain Scan Density 10 Power Shielding 33 Evasion (%) 44 Recoil Reduction 2 Item Schematics ----------------- None Robot Schematics ------------------ None Fabricated ------------ Nothing Alien Tech Used ----------------- None Achievements -------------- None Challenges ------------ None Game ------ Seed DerelictParticleTriangulator Manual? 1 Play Time 00:19:10 Cumulative 645.3 hours Start 2022.03.27 @ 20:43:50 End 2022.03.29 @ 18:11:36 Sessions 4 Manual Loads 0 Difficulty Rogue Special Mode None Game No. 196 Rogue 160 Adventurer 36 Explorer 0 Win Type - Total 14 Types 14/0/0/0/0/0/0/0/0 Lore% 54 Gallery% 62 Achievement% 48 Wizard Run 0 Options --------- ASCII 0 Keyboard 1 Movement Vi Keybinds 0 Fullscreen 1 Font 18/Terminus Map View 76x50 Tactical HUD 1 Map Filters NONE Filters NONE Steam 0 RUN: 9fe0b595-dfbd-49ad-afd3-21816d3b7122